 Dungeon Crawl Stone Soup version 0.14-a0-1313-gb2df4ef (webtiles) character file.

19140 M4edhros the Hoplite (level 12, -6/77 HPs)
             Began as an Octopode Venom Mage on Dec 5, 2013.
             Was a High Priest of Yredelemnul.
             Mangled by a nine-headed hydra (12 damage)
             ... on Level 1 of the Lair of Beasts.
             The game lasted 00:59:33 (16160 turns).

M4edhros the Hoplite (Octopode Venom Mage)         Turns: 16160, Time: 00:59:34

HP  -6/77        AC  6     Str  7      XL: 12   Next: 60%
MP  22/22        EV 13     Int 25      God: Yredelemnul [*****.]
Gold 489         SH 16     Dex 17      Spells:  5 memorised,  3 levels left

rFire  . . .     SeeInvis .     o - +6,+10 war axe of the Firefly {venom, +Inv rN+ Dex+4}
rCold  + . .     Clarity  .     N - +1 dwarf buckler {AC+3}
rNeg   + + .     Conserve .     b - +2 cap
rPois  +         rCorr    .     e - amulet of the gourmand
rElec  .         rRot     .     j - ring of protection from cold
SustAb . .       Spirit   .     G - ring of sustenance
rMut   .         Warding  .     a - ring of flight
Gourm  +         Stasis   .     L - +3 ring of intelligence
                                I - ring of positive energy
                                v - ring of poison resistance
                                (no ring)
                                (no ring)

@: somewhat resistant to hostile enchantments, very stealthy
A: almost no armour, amphibious, 8 rings, constrict 8, camouflage 1, gelatinous
body 1
a: Animate Dead, Recall Undead Slaves, Injury Mirror, Drain Life, Enslave Soul,
Renounce Religion, Evoke Invisibility, Evoke Flight


You were on level 1 of the Lair of Beasts.
You worshipped Yredelemnul.
Yredelemnul was extremely pleased with you.
You were not hungry.

You visited 2 branches of the dungeon, and saw 12 of its levels.

You collected 843 gold pieces.
You spent 354 gold pieces at shops.

Inventory:

Hand weapons
 o - the +6,+10 war axe of the Firefly (weapon) {venom, +Inv rN+ Dex+4}
   (You found it on level 4 of the Dungeon)

   It poisons the flesh of those it strikes.
   It affects your dexterity (+4).
   It protects you from negative energy.
   It lets you turn invisible.
Missiles
 c - 2 curare-tipped needles
 d - 32 sling bullets
 z - 4 sling bullets of flame
Armour
 b - a +2 cap (worn)
 N - a +1 dwarven buckler of protection (worn)
Magical devices
 l - a wand of digging (15)
 m - a wand of cold (6)
 q - a wand of hasting (1)
 y - a wand of lightning (5)
 K - a wand of slowing (8)
 M - a wand of digging (2)
 Q - a wand of disintegration (16)
 S - a wand of slowing (11)
Comestibles
 f - 4 meat rations
 x - 2 sausages
 C - a choko
 F - a slice of pizza
 P - 2 bread rations
Scrolls
 g - a scroll of torment
 k - a scroll of magic mapping
 p - a scroll of recharging
 r - a scroll of identify
 t - 2 scrolls of enchant weapon II
 u - 4 scrolls of teleportation
 A - 3 scrolls of remove curse
 E - a scroll of immolation
 H - 2 scrolls of fog
 R - 2 scrolls of enchant weapon I
 T - 3 scrolls of enchant armour
Jewellery
 a - a ring of flight (on tentacle)
 e - an amulet of the gourmand (around mantle)
 j - a ring of protection from cold (left tentacle)
 v - a ring of poison resistance (on tentacle)
 G - a ring of sustenance (right tentacle)
 I - a ring of positive energy (on tentacle)
 L - a +3 ring of intelligence (on tentacle)
Potions
 h - a potion of restore abilities
 i - a potion of curing
 n - 2 potions of might
 w - a potion of cure mutation
 B - a potion of speed
 D - a potion of agility
 O - a potion of flight
Books
 s - a book of the Tempests

   Spells                             Type                      Level
   Static Discharge                   Conjuration/Air              3
   *Lightning Bolt                    Conjuration/Air              5
   Fireball                           Conjuration/Fire             5
   Tornado                            Air                          9
   Shatter                            Earth                        9


   Skills:
 - Level 5.2 Fighting
 - Level 7.7 Axes
 - Level 2.0 Dodging
 - Level 5.5 Stealth
 * Level 11.6 Shields
 - Level 3.9 Spellcasting
 - Level 8.6 Conjurations
 - Level 5.1 Air Magic
 - Level 8.1 Poison Magic
 + Level 3.9 Invocations
 - Level 5.7 Evocations


You had 3 spell levels left.
You knew the following spells:

 Your Spells              Type           Power        Failure   Level  Hunger
a - Sting                 Conj/Pois      ####         1%          1    None
b - Mephitic Cloud        Conj/Pois/Air  #####...     1%          3    ###....
c - Cure Poison           Pois           #####.....   1%          2    None
d - Lightning Bolt        Conj/Air       #####.....   17%         5    #####..
e - Olgreb's Toxic Radia  Pois           #####...     3%          4    ####...


Dungeon Overview and Level Annotations

Branches:
Dungeon (11/16)            Temple (0/1) D:7             Orc (0/4) D:11
   Lair (1/8) D:11

Altars:
Ashenzari
Cheibriados
Kikubaaqudgha
Makhleb
Xom
Yredelemnul
the Shining One

Shops:
D:4 /   D:6 (![/   D:9 [   D:10 [


Innate Abilities, Weirdness & Mutations

You cannot wear most types of armour.
You are amphibious.
You can wear up to eight rings at the same time.
You can use your tentacles to constrict many enemies at once.
Your skin changes colour to match your surroundings (Stlth).
Your rubbery body absorbs attacks (AC +1).


Message History

Okay, then.
Unknown command.
Evoke which item? (* to show all) (? for menu, Esc to quit)
Zapping:
y - a wand of lightning {zapped: 1}
Press: ? - help, Shift-Dir - straight line You hear a mighty clap of thunder!
The bolt of lightning hits the nine-headed hydra.
The nine-headed hydra is moderately wounded.
The bolt of lightning hits the nine-headed hydra.
The nine-headed hydra is severely wounded.
You block the nine-headed hydra's attack.
The nine-headed hydra misses you. The nine-headed hydra bites you.
The nine-headed hydra bites you.
* * * LOW HITPOINT WARNING * * *
The nine-headed hydra bites you!
* * * LOW HITPOINT WARNING * * *
The nine-headed hydra barely misses you.
The nine-headed hydra bites you!
You die...
Your body rises from the dead as a mindless zombie.

........# #..#..#.......##
..##.##.#####.#............#
..........................##
..#..##.#.................#
.#....#.#..........>......#
..........................#
......#...................#
##....#.###.#...#D#.......#
#....#.###.#..#@.##.##.#.##
##......#..........#####...*
........>..........# *#.##
##....#............######..#
.##................<......P#
..........................#######
##f.#............[.[.............
##...#%................#.######.
#f...#.f.....%.........#.P# #%


You could see a nine-headed hydra.

Vanquished Creatures
  An ogre mage (D:10)
  Urug (D:11)
  Pikel (D:5)
  Joseph (D:8)
  5 hill giants
  An octopode (D:11)
  A spiny frog (Lair:1)
  6 trolls
  A two-headed ogre (D:9)
  2 basilisks (Lair:1)
  A water elemental (D:11)
  15 yaks
  A shadow (D:9)
  A hippogriff (D:11)
  A steam dragon (D:8)
  Edmund (D:5)
  A manticore (D:11)
  5 wolves
  A sky beast (D:9)
  A swamp drake (D:11)
  A human (D:8)
  3 porcupines (Lair:1)
  5 orc warriors
  12 ice beasts
  6 centaurs
  4 phantoms
  3 crocodiles (Lair:1)
  5 tengu (D:10)
  6 ogres
  A yellow wasp (D:11)
  Blork the orc (D:5)
  A silver statue (D:10)
  An agate snail (D:2)
  A gnoll sergeant (D:9)
  5 giant frogs
  A wyvern skeleton (D:11)
  4 wights (D:10)
  9 killer bees
  An electric eel (D:11)
  4 crimson imps
  A quasit (D:8)
  2 goliath beetles
  A giant frog zombie (D:8)
  A giant frog skeleton (D:4)
  6 jellies
  9 orc priests
  4 hounds
  4 iguanas
  15 orc wizards
  4 scorpions
  2 worker ants (D:4)
  4 sheep (D:8)
  Ijyb (D:5)
  4 gnolls
  15 adders
  4 green rats (D:5)
  3 giant mites
  An inept item mimic (D:7)
  5 worms
  2 giant eyeballs
  8 giant geckos
  49 orcs
  7 giant cockroaches
  6 grey rats (D:5)
  9 hobgoblins
  17 jackals
  4 quokkas
  17 bats
  3 giant newts
  A giant newt zombie (D:5)
  10 goblins
  13 kobolds
  A kobold skeleton (D:6)
  An orc skeleton (D:8)
  29 rats
385 creatures vanquished.

Vanquished Creatures (collateral kills)
  2 spiny frogs (Lair:1)
  A two-headed ogre (D:11)
  6 yaks
  A necrophage (D:9)
  2 sky beasts
  An orc warrior (D:11)
  A manticore (D:9)
  A centaur (D:10)
  2 ice beasts (D:10)
  A giant frog (Lair:1)
  A killer bee (D:8)
  A wight (D:10)
  3 hounds
  A jelly (D:9)
  4 orc wizards
  An iguana (Lair:1)
  2 worker ants
  A sky beast zombie (D:8)
  An ogre skeleton (D:10)
  5 orcs
  A bat (D:9)
  A hobgoblin (D:10)
  A quokka (Lair:1)
41 creatures vanquished.

Vanquished Creatures (others)
  A flaming corpse (Lair:1)
  A wraith (D:11)
  7 flying skulls (D:10)
  5 wights
  A jackal (D:5)
15 creatures vanquished.

Grand Total: 441 creatures vanquished

Notes
Turn   | Place    | Note
--------------------------------------------------------------
     0 | D:1      | M4edhros, the Octopode Venom Mage, began the quest for the Orb.
     0 | D:1      | Reached XP level 1. HP: 11/11 MP: 3/3
   345 | D:1      | Reached skill level 1 in Conjurations
   345 | D:1      | Reached skill level 5 in Poison Magic
   345 | D:1      | Reached XP level 2. HP: 15/17 MP: 0/4
   597 | D:3      | Reached XP level 3. HP: 19/21 MP: 6/6
   852 | D:4      | Got a smoking war axe
   853 | D:4      | Identified the +6,+10 war axe of the Firefly {venom, +Inv rN+ Dex+4} (You found it on level 4 of the Dungeon)
   859 | D:4      | Learned a level 3 spell: Mephitic Cloud
   862 | D:4      | Learned a level 2 spell: Cure Poison
   876 | D:4      | Noticed a phantom
   972 | D:4      | Reached XP level 4. HP: 12/27 MP: 7/7
  1256 | D:4      | Reached skill level 1 in Fighting
  1256 | D:4      | Reached skill level 1 in Axes
  1256 | D:4      | Reached XP level 5. HP: 15/33 MP: 9/9
  1385 | D:4      | Noticed an ogre
  1395 | D:4      | Killed an ogre
  1408 | D:4      | Found a basalt altar of Yredelemnul.
  1433 | D:4      | Became a worshipper of Yredelemnul the Dark
  1784 | D:3      | Found a burning altar of Makhleb.
  2028 | D:2      | Reached XP level 6. HP: 38/38 MP: 10/10
  2074 | D:2      | Reached skill level 6 in Poison Magic
  2324 | D:2      | Noticed an agate snail
  2365 | D:2      | Killed an agate snail
  2375 | D:2      | Found a snail-covered altar of Cheibriados.
  2498 | D:1      | Acquired Yredelemnul's first power
  3101 | D:4      | Found Osaum's Magical Wand Shoppe.
  3101 | D:4      | Noticed an ogre
  3101 | D:4      | Noticed a phantom
  3111 | D:4      | Killed an ogre
  3171 | D:4      | Killed a phantom
  3171 | D:4      | Reached skill level 1 in Evocations
  3171 | D:4      | Reached XP level 7. HP: 24/45 MP: 9/12
  3205 | D:4      | Bought a wand of lightning (4) for 112 gold pieces
  3287 | D:5      | Entered Level 5 of the Dungeon
  3323 | D:5      | Noticed Edmund
  3334 | D:5      | Killed Edmund
  3455 | D:5      | Noticed Ijyb
  3466 | D:5      | Killed Ijyb
  3469 | D:5      | Reached skill level 5 in Conjurations
  3490 | D:5      | Reached XP level 8. HP: 39/51 MP: 10/13
  3537 | D:5      | Noticed Pikel
  3548 | D:5      | Killed Pikel
  3548 | D:5      | Reached skill level 7 in Poison Magic
  3610 | D:5      | Acquired Yredelemnul's second power
  3727 | D:5      | Noticed Blork the orc
  3834 | D:5      | Killed Blork the orc
  4262 | D:6      | Found Suotiat's Armour Shoppe.
  4292 | D:6      | Found Kaliapt's Distillery.
  4296 | D:6      | Found Izywn's Weapon Emporium.
  4300 | D:6      | Reached skill level 5 in Axes
  4310 | D:6      | Paralysed by a potion of paralysis for 7 turns
  4321 | D:6      | Bought a potion of heal wounds for 30 gold pieces
  4329 | D:6      | Noticed a troll
  4346 | D:6      | Killed a troll
  4346 | D:6      | Reached XP level 9. HP: 56/58 MP: 0/15
  4374 | D:6      | Found a shimmering altar of Xom.
  4452 | D:6      | Reached skill level 1 in Air Magic
  4607 | D:6      | Found Lobo's Magical Wand Boutique.
  5245 | D:7      | Learned a level 5 spell: Lightning Bolt
  5266 | D:7      | Found a glowing golden altar of the Shining One.
  5271 | D:7      | Acquired Yredelemnul's third power
  5314 | D:7      | Reached skill level 8 in Poison Magic
  5973 | D:7      | Received a gift from Yredelemnul
  6185 | D:7      | Found a staircase to the Ecumenical Temple.
  6424 | D:8      | Found a shattered altar of Ashenzari.
  6473 | D:8      | Reached XP level 10. HP: 50/65 MP: 15/18
  7075 | D:8      | Found a basalt altar of Yredelemnul.
  7454 | D:8      | Noticed Joseph
  7507 | D:8      | Killed Joseph
  8227 | D:8      | Reached skill level 5 in Evocations
  8567 | D:6      | Bought a potion of heal wounds for 30 gold pieces
  8567 | D:6      | Bought a potion of heal wounds for 30 gold pieces
  8567 | D:6      | Bought a potion of heal wounds for 30 gold pieces
  8567 | D:6      | Bought a potion of curing for 20 gold pieces
  8732 | D:9      | Reached skill level 5 in Stealth
  8732 | D:9      | Received a gift from Yredelemnul
  8765 | D:9      | Reached skill level 5 in Fighting
  9200 | D:9      | Reached skill level 5 in Air Magic
  9205 | D:9      | Reached XP level 11. HP: 51/71 MP: 17/21
  9286 | D:9      | Received a gift from Yredelemnul
  9337 | D:9      | Found Cihoquim's Antique Armour Boutique.
  9346 | D:9      | Reached skill level 1 in Shields
  9357 | D:9      | Bought a runed dwarven buckler for 102 gold pieces
  9440 | D:10     | Entered Level 10 of the Dungeon
  9440 | D:10     | Noticed a hill giant
  9447 | D:10     | Killed a hill giant
  9452 | D:10     | Acquired Yredelemnul's fourth power
  9457 | D:10     | Received a gift from Yredelemnul
  9474 | D:10     | Noticed an ogre mage
  9487 | D:10     | Noticed a hill giant
  9489 | D:10     | Killed a hill giant
  9489 | D:10     | Reached skill level 5 in Shields
  9653 | D:10     | Received a gift from Yredelemnul
  9696 | D:10     | Killed an ogre mage
  9813 | D:10     | Found an ancient bone altar of Kikubaaqudgha.
  9849 | D:10     | Paralysed by a giant eyeball for 2 turns
 10685 | D:10     | Found Kaluku's Armour Boutique.
 10766 | D:11     | Paralysed by a yellow wasp for 1 turns
 10813 | D:11     | Noticed a hill giant
 10827 | D:11     | Killed a hill giant
 10835 | D:11     | Paralysed by a giant eyeball for 4 turns
 10882 | D:11     | Found a staircase to the Lair.
 10888 | D:11     | HP: 3/72 [yak (16)]
 10916 | D:11     | Received a gift from Yredelemnul
 11348 | D:10     | Noticed a hill giant
 11357 | D:10     | Killed a hill giant
 11379 | D:11     | Received a gift from Yredelemnul
 11379 | D:11     | Reached skill level 9 in Shields
 11746 | D:11     | Found a staircase to the Orcish Mines.
 11757 | D:11     | Reached XP level 12. HP: 62/77 MP: 22/22
 12144 | D:8      | Learned a level 4 spell: Olgreb's Toxic Radiance
 12213 | D:11     | Noticed Urug
 12224 | D:11     | Killed Urug
 12224 | D:11     | Reached skill level 10 in Shields
 12226 | D:11     | Got a twisted dagger
 12228 | D:11     | Identified the +10,+7 dagger "Scha Sted" {flame, Str+3} (You found it on level 11 of the Dungeon)
 12687 | D:11     | Acquired Yredelemnul's fifth power
 12884 | D:11     | Reached skill level 1 in Invocations
 14626 | Lair:1   | Entered Level 1 of the Lair of Beasts
 14636 | Lair:1   | Received a gift from Yredelemnul
 14808 | Lair:1   | Reached skill level 11 in Shields
 14823 | Lair:1   | Found a frozen archway.
 14866 | Lair:1   | HP: 1/77 [wolf (3)]
 15236 | Lair:1   | Received a gift from Yredelemnul
 16150 | Lair:1   | Noticed an eight-headed hydra
 16160 | Lair:1   | Mangled by a nine-headed hydra

Action                   |  1- 3 |  4- 6 |  7- 9 | 10-12 || total
-------------------------+-------+-------+-------+-------++-------
Melee: Unarmed           |     3 |       |       |       ||     3
       Club              |     3 |       |       |       ||     3
       Halberd           |    28 |       |       |       ||    28
       War axe           |     3 |    73 |   191 |   447 ||   714
 Cast: Sting             |     3 |    26 |    22 |    49 ||   100
       Cure Poison       |       |     2 |     1 |     4 ||     7
       Mephitic Cloud    |       |     2 |    10 |    79 ||    91
       Lightning Bolt    |       |       |       |     6 ||     6
       Olgreb's Toxic Ra |       |       |       |     2 ||     2
 Abil: Evoke Invisibilit |       |       |       |     3 ||     3
Evoke: Wand              |     1 |       |     6 |    13 ||    20
  Use: Scroll            |     2 |     2 |     9 |    18 ||    31
       Potion            |       |     5 |     8 |     8 ||    21
 Stab: Sleeping          |     1 |    12 |    15 |     9 ||    37
       Confused          |       |       |     5 |    22 ||    27
       Distracted        |       |       |       |     3 ||     3
       Invisible         |       |       |       |     6 ||     6
